 Dungeon Crawl Stone Soup version 0.22-a0-247-gbddf880 (webtiles) character file.

2452 puppykicker the Basher (level 9, -2/71 HPs)
             Began as a Minotaur Wanderer on Feb 26, 2018.
             Was a Believer of Hepliaklqana.
             Slain by a two-headed ogre
             ... wielding a +0 giant club
              (10 damage)
             ... on level 8 of the Dungeon.
             The game lasted 00:28:07 (7558 turns).

puppykicker the Basher (Minotaur Wanderer)          Turns: 7558, Time: 00:28:07

Health: -2/71      AC: 11    Str: 19    XL:     9   Next: 25%
Magic:  10/10      EV: 13    Int:  9    God:    Hepliaklqana [**....]
Gold:   380        SH:  0    Dex: 11    Spells: 8/8 levels left

rFire    . . .     SeeInvis .   b - +0 morningstar
rCold    + + .     Gourm    .   (no shield)
rNeg     . . .     Faith    .   D - +2 ring mail {rC+}
rPois    +         Spirit   .   (helmet restricted)
rElec    .         Reflect  .   L - +1 cloak {rPois}
rCorr    .         Harm     .   A - +0 pair of gloves
MR       .....                  (no boots)
Stlth    +.........             (no amulet)
HPRegen  0.21/turn              k - ring of protection from cold
MPRegen  0.12/turn              h - ring of wizardry

@: no status effects
A: retaliatory headbutt, reduced essence, horns 2
a: Recall Ancestor, Ancestor Identity, Renounce Religion


You were on level 8 of the Dungeon.
You worshipped Hepliaklqana.
Hepliaklqana was pleased with you.
You were not hungry.

You visited 2 branches of the dungeon, and saw 9 of its levels.

You collected 380 gold pieces.


Innate Abilities, Weirdness & Mutations

You reflexively headbutt those who attack you in melee.
You have a pair of horns on your head.
Your life essence is reduced to manifest your ancestor. (-10% HP)


   Skills:
 - Level 7.3 Fighting
   Level 1.2(5.4) Axes
 * Level 8.4(8.5) Maces & Flails
 - Level 6.2 Bows
 - Level 5.5 Armour
 - Level 4.7 Dodging
   Level 2.4 Shields
 + Level 3.4 Invocations


You had 8 spell levels left.
You didn't know any spells.

Inventory:

Hand Weapons
 a - a +2 shortbow
 b - a +0 morningstar (weapon)
 c - a +0 blowgun
 w - a +2 dagger of venom
Missiles
 d - 7 tomahawks (quivered)
 e - 22 poisoned needles
 n - 67 arrows
Armour
 A - a +0 pair of gloves (worn)
 B - a +0 plate armour
 D - a +2 ring mail of cold resistance (worn)
 L - a +1 cloak of poison resistance (worn)
Magical Staves
 H - an uncursed staff of conjuration {unknown}
Jewellery
 h - a ring of wizardry (right hand)
 k - a ring of protection from cold (left hand)
Wands
 q - a wand of iceblast (3)
 t - a wand of enslavement (16)
 y - a wand of flame (31)
 K - a wand of digging (17)
Scrolls
 j - 2 scrolls of magic mapping
 l - 2 scrolls of fear
 o - a scroll of fog {unknown}
 p - 3 scrolls of remove curse
 r - 3 scrolls of teleportation
 s - 2 scrolls of amnesia
 E - a scroll of holy word {unknown}
 F - 2 scrolls of immolation {!r}
 G - a scroll of enchant armour {unknown}
Potions
 g - 2 potions of ambrosia
 i - a potion of magic
 m - a potion of cancellation
 u - a potion of berserk rage
 v - a potion of haste
 x - 4 potions of curing
 z - a potion of invisibility
 C - 2 potions of might
 I - a potion of lignification {!q}
 J - a potion of brilliance {unknown}
Comestibles
 f - 17 rations
 M - 3 chunks of flesh {@w1}

Dungeon Overview and Level Annotations

Branches:
Dungeon (8/15)             Temple (1/1) D:4
   Lair: D:8-11

Altars:
Ashenzari
Cheibriados
Dithmenos
Elyvilon
Gozag
Hepliaklqana
Kikubaaqudgha
Makhleb
Nemelex Xobeh
Okawaru
Ru
Sif Muna
Trog
Uskayaw
Vehumet
Wu Jian
Xom
Yredelemnul
Zin
The Shining One

..# ## ###.# ..
...# #.##..#
#..<..# ####..#
#..#######
#........#
#######.@.####.#
......>O#(#
.######K#(# #
#.#(####.#
#####R....$#.####
........K)........
#.###.......#####
#.#.....#
#.#...#.......


You could see the friendly your gay dad the knight, a two-headed ogre, a big
kobold and a kobold.


Message History

The big kobold shouts!
The two-headed ogre shouts in stereo!
You hear a shout!
You hear an angry hiss.
Found a scratched ruby ring.
Things that are here:
a dagger; 2 stones
There are monsters nearby!
You barely miss the big kobold.
Your gay dad blocks the big kobold's attack.
You hit the big kobold but do no damage.
Your gay dad hits the big kobold with a flail.
The big kobold hits you but does no damage.
You barely miss the big kobold.
The big kobold is lightly wounded.
The big kobold hits you with a whip. The two-headed ogre closely misses you.
The two-headed ogre hits you with a giant club!
A kobold comes into view. It is wielding a whip.
You hit the big kobold. You headbutt the big kobold.
The big kobold is moderately wounded.
The big kobold barely misses you. The two-headed ogre barely misses you.
You furiously retaliate!
You headbutt the two-headed ogre.
The two-headed ogre hits you with a giant club!!
* * * LOW HITPOINT WARNING * * *
You puncture the big kobold!
The big kobold is severely wounded.
Your gay dad blocks the big kobold's attack.
The kobold throws a stone.
The stone hits you but does no damage.
The two-headed ogre hits you with a giant club!!
* * * LOW HITPOINT WARNING * * *
The two-headed ogre hits you with a giant club!
You die...

Action                   |  1- 3 |  4- 6 |  7- 9 || total
-------------------------+-------+-------+-------++-------
Melee: Unarmed           |    57 |       |       ||    57
       Headbutt          |    14 |    31 |    63 ||   108
       Dagger            |    36 |    75 |       ||   111
       Long sword        |       |    89 |   189 ||   278
       Morningstar       |       |       |   118 ||   118
 Fire: Shortbow          |    24 |    50 |    52 ||   126
Invok: Recall Ancestor   |       |     1 |       ||     1
       Ancestor Identity |       |     1 |       ||     1
       Ancestor Life: Kn |       |       |     1 ||     1
  Use: Scroll            |       |    15 |     5 ||    20
       Potion            |       |       |     1 ||     1
 Stab: Distracted        |       |       |     1 ||     1
  Eat: Chunk             |       |    11 |    11 ||    22
Armor: Ring mail         |    48 |    68 |    66 ||   182
Dodge: Dodged            |    68 |   111 |   129 ||   308
       Rpst.: Long sword |       |    17 |    17 ||    34

Vault maps used:
D:1:      nicolae_arrival_memento_mori
D:2:      minmay_diamond_boxcup, nicolae_ru_awakened_eye, tso_oasis_becter,
          uniq_robin
D:3:      lemuel_doored_altar, minmay_misc_feat_pillars
D:4:      nicolae_ashenzari_panopticon, minmay_temple_entry_hall, minivault_23,
          solitary_fountain, minmay_ruptured
D:5:      kennysheep_kobold_camp, basic_altar, first_ration
D:6:      vehumet_altar_wand_db
D:7:      grunt_temple_overflow_champion_of_chaos,
          yredelemnul_forgotten_temple_becter, the_bakery, uniq_pikel,
          uniq_menkaure, uniq_crazy_yiuf_cottage
D:8:      grunt_qazlal_sundering, fedhas_altar_1, david_lair_shrubbed,
          serial_shops, kennysheep_mini
Temple:   minmay_temple_bridge_abc

Notes
Turn   | Place    | Note
-------+----------+-------------------------------------------
     0 | D:1      | puppykicker the Minotaur Wanderer began the quest for the Orb.
     0 | D:1      | puppykicker set off with: a +2 shortbow, 23 arrows, a +0 ring mail, a +0 shield, a ration
     0 | D:1      | Reached XP level 1. HP: 22/22 MP: 0/0
    50 | D:1      | Reached XP level 2. HP: 19/28 MP: 1/1
    62 | D:1      | Reached skill level 5 in Fighting
   361 | D:1      | Reached skill level 1 in Dodging
   590 | D:1      | Reached skill level 3 in Bows
   590 | D:1      | Reached skill level 2 in Armour
   590 | D:1      | Reached XP level 3. HP: 36/36 MP: 2/2
  1050 | D:2      | Reached XP level 4. HP: 26/42 MP: 3/3
  1454 | D:2      | Reached skill level 2 in Dodging
  1468 | D:2      | Reached skill level 4 in Bows
  1468 | D:2      | Reached XP level 5. HP: 25/48 MP: 4/4
  1723 | D:2      | Found a sacrificial altar of Ru.
  1828 | D:2      | Noticed Robin
  1855 | D:2      | Killed Robin
  1855 | D:2      | Reached skill level 3 in Armour
  2546 | D:2      | Found a glowing golden altar of the Shining One.
  2827 | D:3      | Found a bloodstained altar of Trog.
  3351 | D:4      | Found a shattered altar of Ashenzari.
  3377 | D:4      | Reached XP level 6. HP: 57/57 MP: 5/5
  3499 | D:4      | Found a staircase to the Ecumenical Temple.
  3505 | Temple   | Entered the Ecumenical Temple
  3563 | Temple   | Became a worshipper of Hepliaklqana the Forgotten
  3805 | D:4      | Reached skill level 6 in Fighting
  3805 | D:4      | Reached skill level 3 in Dodging
  4006 | D:4      | Reached skill level 5 in Bows
  4213 | D:5      | Entered Level 5 of the Dungeon
  4293 | D:5      | Reached skill level 4 in Armour
  4319 | D:5      | Found a hide-covered altar of Uskayaw.
  4370 | D:5      | Reached XP level 7. HP: 50/57 MP: 6/6
  4552 | D:5      | Reached * piety under Hepliaklqana
  4620 | D:5      | Reached skill level 4 in Dodging
  4735 | D:5      | Reached skill level 7 in Fighting
  4735 | D:5      | Reached skill level 5 in Armour
  5160 | D:5      | Reached skill level 6 in Bows
  5510 | D:6      | Reached skill level 1 in Maces & Flails
  5510 | D:6      | Reached XP level 8. HP: 65/65 MP: 7/7
  5550 | D:6      | Found a radiant altar of Vehumet.
  5652 | D:6      | Reached skill level 2 in Maces & Flails
  5740 | D:6      | Reached ** piety under Hepliaklqana
  5760 | D:6      | HP: 3/97 [orc warrior/scimitar (9)]
  6319 | D:6      | Reached skill level 3 in Maces & Flails
  6369 | D:6      | Reached skill level 4 in Maces & Flails
  6503 | D:7      | Noticed Menkaure
  6523 | D:7      | Killed Menkaure
  6523 | D:7      | Reached skill level 5 in Maces & Flails
  6524 | D:7      | Remembered your ancestor your gay dad as a knight
  6569 | D:7      | Reached skill level 6 in Maces & Flails
  6569 | D:7      | Reached skill level 1 in Invocations
  6692 | D:7      | Found a runed door.
  6761 | D:7      | Found a basalt altar of Yredelemnul.
  6819 | D:7      | Found a shimmering altar of Xom.
  6820 | D:7      | Found a burning altar of Makhleb.
  6982 | D:7      | Reached skill level 2 in Invocations
  7040 | D:7      | Reached skill level 7 in Maces & Flails
  7040 | D:7      | Reached XP level 9. HP: 70/71 MP: 9/9
  7093 | D:7      | Noticed Pikel
  7123 | D:7      | Killed Pikel
  7123 | D:7      | Reached skill level 8 in Maces & Flails
  7123 | D:7      | Reached skill level 3 in Invocations
  7458 | D:7      | Noticed Crazy Yiuf
  7461 | D:7      | Killed Crazy Yiuf
  7544 | D:8      | Noticed a two-headed ogre
  7558 | D:8      | Slain by a two-headed ogre

Vanquished Creatures
  A spriggan (D:7)
  An orc warrior (D:6)
  2 slaves (D:7)
  A sky beast (D:5)
  4 ogres
  A centaur (D:5)
  A big kobold (D:5)
  A bullfrog (D:7)
  A scorpion (D:4)
  A water moccasin skeleton (D:2)
  An orc priest (D:6)
  4 hounds
  Crazy Yiuf (D:7)
  An iguana (D:5)
  A centaur skeleton (D:8)
  5 orc wizards
  6 worker ants
  A worker ant zombie (D:6)
  Robin (D:2)
  10 adders
  2 shadow imps
  3 oozes
  An adder zombie (D:5)
  3 adder skeletons
  3 worms
  3 dart slugs
  9 leopard geckos
  15 orcs
  3 giant cockroaches
  20 goblins
  11 hobgoblins
  17 jackals
  20 kobolds
  2 quokkas
  A ball python (D:4)
  8 bats
  8 frilled lizards
  10 rats
  A spectral orc (D:7)
  7 plants (D:5)
192 creatures vanquished.

Vanquished Creatures (collateral kills)
  Pikel (D:7)
  Menkaure (D:7)
  2 slaves (D:7)
  A crimson imp (D:7)
  A bullfrog skeleton (D:5)
  A hound zombie (D:5)
  An adder (D:7)
  An adder skeleton (D:4)
  5 orcs
  A ball python (D:5)
  3 kobolds (D:5)
18 creatures vanquished.

Vanquished Creatures (others)
  A plant (D:8)
1 creature vanquished.

Grand Total: 211 creatures vanquished
